Cogmind - Beta 14 @@@ ROGUE MODE // 2025.03.05 @ 21:33:35 Player: Dosh Result: Escaped! Performance ------------- Evolutions (9) 4500 Regions Visited (22) 4400 Robots Destroyed (534) 2670 Value Destroyed (28846) 28846 Prototype IDs (37) 740 Alien Tech Used (0) 0 Bonus (28306) 28306 TOTAL SCORE: 69462 Bonus ------- Triggered High Security 500 High Alert Combat Kills 14233 Follower Combat Kills 3011 Entered Garrisons 1600 Used RIF Installer 5500 Aligned with FarCom 300 Scanned by Researcher 500 Win 3000 Friendly Fire -338 Cogmind --------- Core Integrity 1482/1600 Matter 290/300 Energy 158/460 System Corruption 32% Temperature Cool (48) Movement Treading (176) Location To Epsilon Eridani Parts ------- > --- POWER (4) -------- Light Quantum Reactor Light Quantum Reactor Light Quantum Reactor Light Quantum Reactor > --- PROPULSION (12) -- Heavy Siege Treads Heavy Siege Treads Heavy Siege Treads (fused) Heavy Siege Treads Armored Heavy Treads Armored Heavy Treads > --- UTILITY (4) ------ Advanced Cooling System Advanced Cooling System Huge Storage Unit Improved Force Field > --- WEAPON (5) ------- XL Autogun Subcomponent XL Autogun Subcomponent Railgun Multirail Multirail > --- INVENTORY (25) --- Reinforced Quantum Reactor Advanced Heat Sink Improved Medium Armor Plating Relay Coupler [NC] (61) Relay Coupler [NC] (55) Relay Coupler [NC] (40) Relay Coupler [Swarmer] (50) Relay Coupler [Grunt] (40) Relay Coupler [Grunt] (41) Relay Coupler [Sentry] (51) Relay Coupler [Hunter] (40) High-powered Tractor Beam Phase Gun Nova Cannon Enhanced Nova Cannon Enhanced Nova Cannon XL Autogun Subcomponent XL Autogun Subcomponent Railgun Multirail Mini Smartbomb Launcher Advanced Remote Datajack Peak State ------------ > --- POWER ------------ Light Quantum Reactor Light Quantum Reactor Light Quantum Reactor Light Quantum Reactor > --- PROPULSION ------- Heavy Siege Treads Heavy Siege Treads Heavy Siege Treads Heavy Siege Treads Armored Heavy Treads Armored Heavy Treads > --- UTILITY ---------- Advanced Cooling System Advanced Cooling System Huge Storage Unit Improved Force Field > --- WEAPON ----------- Phase Gun Railgun Multirail Multirail Multirail > --- INVENTORY -------- Reinforced Quantum Reactor Matter Compressor Improved Medium Armor Plating Relay Coupler [NC] Relay Coupler [NC] Relay Coupler [NC] Relay Coupler [Swarmer] Relay Coupler [Grunt] Relay Coupler [Grunt] Relay Coupler [Sentry] Relay Coupler [Hunter] High-powered Tractor Beam Nova Cannon Enhanced Nova Cannon Enhanced Nova Cannon XL Autogun Subcomponent XL Autogun Subcomponent XL Autogun Subcomponent XL Autogun Subcomponent Railgun Mini Smartbomb Launcher Advanced Remote Datajack [Rating: 208] Favorites ----------- Power Light Quantum Reactor Engine Ion Engine Power Core Micro Fission Core Reactor Light Quantum Reactor Propulsion Improved Heavy Treads Treads Improved Heavy Treads Leg Enhanced Armored Leg Wheel Armored Huge Wheel Utility Huge Storage Unit Device Advanced Cooling System Storage Huge Storage Unit Processor Improved Armor Integrity Analyzer Hackware Relay Coupler [Grunt] Protection Hardened Medium Armor Plating Weapon Improved Heavy Machine Gun Energy Gun Medium Laser Energy Cannon Enhanced Nova Cannon Ballistic Gun Improved Heavy Machine Gun Ballistic Cannon Gauss Cannon Launcher Mini Smartbomb Launcher Special Weapon Advanced Remote Datajack Special Melee Weapon Improved Datajack Build | -11 -10 -10 -10 -9 -8 -8 -8 -7 -7 -7 -7 -6 -6 -5 -5 -4 -4 -3 -3 -2 -2 -1 ------- Run | Yrd Mat Min Exi Min Mat Gar Mat Fac Gar Fac Gar Fac Gar Fac Gar Fac Gar Res Gar Res Gar Acc Slots Evolved 18 | . . . . . 4 . . 2 . . . 2 . 2 . 2 . 2 . 2 . 2 Power 3 | . . . . . . . . . . . . . . 2 . . . 1 . . . . Propulsion 10 | . . . . . 1 . . 1 . . . 2 . . . 2 . . . 2 . 2 Utility 2 | . . . . . 2 . . . . . . . . . . . . . . . . . Weapon 3 | . . . . . 1 . . 1 . . . . . . . . . 1 . . . . Parts Attached 399 | 5 8 3 2 . 13 19 23 34 13 3 12 11 10 16 18 15 31 29 10 18 25 81 Power 40 | 1 2 . . . 1 1 2 3 1 . . 1 1 2 4 . 4 2 1 1 4 9 Engine 9 | 1 2 . . . . . 2 2 . . . 1 . . 1 . . . . . . . Core 5 | . . . . . 1 1 . 1 1 . . . . 1 . . . . . . . . Reactor 26 | . . . . . . . . . . . . . 1 1 3 . 4 2 1 1 4 9 Propulsion 55 | 2 3 . . . 2 6 1 7 3 . 3 1 . . 3 2 5 5 . 2 3 7 Treads 52 | 2 3 . . . 2 6 1 4 3 . 3 1 . . 3 2 5 5 . 2 3 7 Leg 2 | . . . . . . . . 2 . . . . . . . . . . . . . . Wheel 1 | . . . . . . . . 1 . . . . . . . . . . . . . . Hover . | . . . . . . . . . . . . . . . . . . . . . . . Flight . | . . . . . . . . . . . . . . . . . . . . . . . Utility 164 | 1 2 2 2 . 6 7 11 10 3 2 1 3 7 3 1 4 10 10 4 12 10 53 Device 98 | . 1 2 . . 3 4 3 7 2 1 . 1 1 1 1 1 5 4 1 5 7 48 Storage 8 | 1 1 . 2 . 1 3 . . . . . . . . . . . . . . . . Processor 1 | . . . . . . . . . . . . . . . . . 1 . . . . . Hackware 32 | . . . . . . . 4 1 . . . 1 2 1 . 3 2 5 3 6 1 3 Protection 25 | . . . . . 2 . 4 2 1 1 1 1 4 1 . . 2 1 . 1 2 2 Artifact . | . . . . . . . . . . . . . . . . . . . . . . . Weapon 140 | 1 1 1 . . 4 5 9 14 6 1 8 6 2 11 10 9 12 12 5 3 8 12 Energy Gun 3 | . 1 . . . 1 . . . . . . . . . . . . . . . . 1 Energy Cannon 16 | . . . . . . . . . . . . . . . 1 2 1 3 1 1 6 1 Ballistic Gun 64 | 1 . 1 . . . . 1 9 3 . 3 5 1 7 5 5 8 4 2 . 1 8 Ballistic Cannon 20 | . . . . . 3 3 6 1 2 1 3 . 1 . . . . . . . . . Launcher 15 | . . . . . . 2 . 2 1 . 2 . . 1 3 . 1 . 1 1 . 1 Special Weapon 18 | . . . . . . . . . . . . 1 . 3 1 2 2 5 1 1 1 1 Impact Weapon . | . . . . . . . . . . . . . . . . . . . . . . . Slashing Weapon . | . . . . . . . . . . . . . . . . . . . . . . . Piercing Weapon . | . . . . . . . . . . . . . . . . . . . . . . . Special Melee Weapon 4 | . . . . . . . 2 2 . . . . . . . . . . . . . . Unidentified Prototypes 12 | . . 1 . . . . 1 6 . . . . . 2 . . . . . . . 2 Corrupted Parts 2 | . . . . . . . . . . . . . . . . . . . . . . 2 System Corruption 19 | . . . . . . . . . . . . . . . . . . . . . . 19 Parts Lost 45 | . 2 1 . . . . 1 2 6 . 3 2 . . . . 1 1 8 2 7 9 Power 11 | . 1 . . . . . . . 1 . . 1 . . . . . . 2 1 1 4 Propulsion 11 | . 1 . . . . . . . 2 . 1 . . . . . . . 1 . 3 3 Utility 10 | . . . . . . . . 1 1 . 2 1 . . . . . 1 1 1 2 . Weapon 13 | . . 1 . . . . 1 1 2 . . . . . . . 1 . 4 . 1 2 Highest Loss Streak 3 | . 1 1 . . . . 1 1 2 . 1 1 . . . . 1 1 3 1 3 2 To Critical Strikes 2 | . . . . . . . . . . . 1 . . . . . . . . . 1 . Average Slot Usage (%) 86 | . 96 99 100 100 94 100 99 99 85 76 71 77 79 76 81 83 83 84 72 72 75 68 Engine 3 | . 13 14 14 14 1 . 4 6 2 . . 2 5 . . . . . . . . . Core 2 | . . . . . 7 9 4 . 4 7 7 3 . . 1 . . . . . . . Reactor 6 | . . . . . . . . . . . . . . 11 14 15 15 18 17 15 16 15 Treads 23 | . 26 28 28 28 27 27 26 28 14 15 15 20 20 17 17 26 25 22 19 21 20 23 Device 10 | . 13 14 14 14 15 24 13 11 7 7 . 5 6 5 10 7 8 7 6 5 10 9 Storage 7 | . 14 14 14 14 9 9 9 7 7 7 7 6 6 5 5 5 5 4 4 4 4 4 Hackware 2 | . . . . . . . 4 2 7 7 7 6 1 6 5 6 1 3 5 6 1 . Protection 4 | . . . . . 6 2 9 7 7 6 11 5 11 3 . . 4 1 . . . 1 Energy Gun 1 | . 13 14 14 14 4 . . . . . . . . . . . . . . . . . Energy Cannon 1 | . . . . . . . . . . . . . . . . . . 1 3 7 13 2 Ballistic Gun 11 | . 14 13 14 14 2 . . 24 17 . 1 21 23 21 21 19 20 20 7 4 1 9 Ballistic Cannon 7 | . . . . . 20 26 26 5 6 15 12 1 2 . . . . . . . . . Peak Build Rating 208 | 5 9 14 14 14 38 63 62 69 66 58 66 92 103 115 124 139 153 171 173 184 192 208 Average Rating 97 | 3 8 9 12 14 31 54 58 64 60 57 57 88 93 108 120 134 141 165 151 173 184 198 On Entrance 78 | . 5 9 10 14 14 38 63 58 59 58 58 66 89 99 115 123 132 153 171 137 162 181 Naked Turns . | . . . . . . . . . . . . . . . . . . . . . . . Heaviest Build 213 | 9 19 20 90 30 82 118 133 126 123 123 126 117 125 142 168 172 182 204 199 205 213 211 Greatest Support 420 | 40 40 40 40 40 60 87 87 109 28 28 150 225 225 225 225 295 300 300 285 370 375 420 Greatest Overweight (x) 4 | . . . 2 . 1 1 2 4 4 4 4 . . . 1 . 1 . . . . . Average Overweight (x) . | . . . . . . . 1 1 3 4 3 . . . . . . . . . . . Largest Inventory Capacity 25 | 8 10 10 25 15 20 25 25 25 25 25 25 25 25 25 25 25 25 25 25 25 25 25 Average Capacity 23 | 7 8 10 17 15 19 22 25 25 25 25 25 25 25 25 25 25 25 25 25 25 25 25 Most Carried 25 | 1 8 8 12 12 20 22 25 25 25 25 25 23 25 25 25 25 25 25 25 25 25 25 Average Carried 21 | . 3 7 10 12 17 20 23 24 23 24 24 18 23 24 24 24 24 23 22 20 21 23 Final Capacity 25 | 8 10 10 15 15 20 25 25 25 25 25 25 25 25 25 25 25 25 25 25 25 25 25 Final Carried 25 | 1 8 8 12 12 20 22 24 24 25 25 25 20 25 25 25 25 25 24 25 22 25 25 Class Distribution -------------------- 28% | Tank 24% | Botlord-Skirmisher 13% | Botlord-Tank 10% | Skirmisher 10% | Mutant 5% | Generator-Skirmisher 3% | Bothacker-Skirmisher Dominant Class ---------------- Mutant | -10/Materials Mutant | -10/Mines Mutant | -10/Exiles Mutant | -9/Mines Tank | -8/Materials Skirmisher | -8/Garrison Tank | -8/Materials Tank | -7/Factory Tank | -7/Garrison Tank | -7/Factory Commander-Tank | -7/Garrison Bothacker-Skirmisher | -6/Factory Botlord-Tank | -6/Garrison Botlord-Skirmisher | -5/Factory Botlord-Skirmisher | -5/Garrison Botlord-Skirmisher | -4/Factory Botlord-Tank | -4/Garrison Botlord-Skirmisher | -3/Research Generator-Skirmisher | -3/Garrison Generator-Skirmisher | -2/Research Generator-Skirmisher | -2/Garrison Botlord-Skirmisher | -1/Access Resources | -11 -10 -10 -10 -9 -8 -8 -8 -7 -7 -7 -7 -6 -6 -5 -5 -4 -4 -3 -3 -2 -2 -1 ----------- Run | Yrd Mat Min Exi Min Mat Gar Mat Fac Gar Fac Gar Fac Gar Fac Gar Fac Gar Res Gar Res Gar Acc Matter Collected 26984 | 205 181 46 . . 510 1097 1813 1607 1304 121 1095 458 672 182 1748 791 1877 2724 1196 1032 442 7883 Remotely 6339 | . . . . . . . . . . . . . . . . . . . . . . 6339 Salvage Created 29531 | . 804 84 . . 519 899 1461 1584 1221 . 1419 524 296 190 1231 510 1866 2482 834 800 1544 11263 Parts 1198 | . 39 7 . . 35 64 98 78 54 . 55 36 12 5 66 17 91 116 30 41 54 300 Haulers Intercepted 9 | . 2 . . . 2 . 4 . . . . . . . . . . 1 . . . . Recyclers Shooed 19 | . 2 . . . . . 3 4 . . . . . . . . . . . 3 . 7 Parts Field Recycled . | . . . . . . . . . . . . . . . . . . . . . . . Retrieved Matter . | . . . . . . . . . . . . . . . . . . . . . . . Parts Self-Destructed . | . . . . . . . . . . . . . . . . . . . . . . . Prevented . | . . . . . . . . . . . . . . . . . . . . . . . Kills | -11 -10 -10 -10 -9 -8 -8 -8 -7 -7 -7 -7 -6 -6 -5 -5 -4 -4 -3 -3 -2 -2 -1 ------- Run | Yrd Mat Min Exi Min Mat Gar Mat Fac Gar Fac Gar Fac Gar Fac Gar Fac Gar Res Gar Res Gar Acc Combat Hostiles Destroyed 488 | . 13 2 . . 10 32 39 24 30 . 22 13 5 3 28 9 33 37 18 18 21 131 Melee 1 | . . . . . . . 1 . . . . . . . . . . . . . . . Guns 292 | . 13 2 . . . . . 13 22 . 1 13 5 3 15 9 25 37 9 . . 125 Cannons 116 | . . . . . 9 20 37 3 5 . 14 . . . . . . . 2 8 18 . AOE 74 | . . . . . 1 12 1 8 3 . 7 . . . 13 . 8 . 7 10 1 3 Classes Destroyed 22 | . 6 . . . 4 2 5 . . . . 1 . . 1 . . 1 . 1 . 1 Worker 22 | . . . . . . . 2 7 . . . . . . . 1 . 5 . 1 . 6 Builder 13 | . . . . . 2 . 1 6 . . . 1 . . . . . 1 . . . 2 Tunneler 2 | . . . . . . . . . . . . 1 . . . . . . . . . 1 Hauler 9 | . 2 . . . 2 . 4 . . . . . . . . . . 1 . . . . Recycler 18 | . 2 . . . . . 2 7 . . . . . . . . . . . . . 7 Mechanic 4 | . . . . . . . 1 1 . . . . . . . . . . . . . 2 Operator 2 | . 1 . . . 1 . . . . . . . . . . . . . . . . . Watcher 13 | . 3 . . . 2 1 4 1 . . . . . . . . . 1 . 1 . . Swarmer 85 | . 3 . . . . 7 6 3 3 . 8 7 . . 15 1 13 3 5 2 3 6 Cutter 3 | . . . . . . . . . . . . . . . 3 . . . . . . . Saboteur 9 | . . . . . . . . . . . . . . . . . . . . 1 . 8 Grunt 192 | . 10 2 . . 5 12 17 7 16 . 5 3 . 2 1 3 14 13 8 6 9 59 Brawler 19 | . . . . . 1 2 . 1 1 . . . . . 1 1 . 2 . 1 . 9 Duelist 23 | . . . . . . . 1 . 3 . 1 . . . 1 . . 3 2 . . 12 Protector 10 | . . . . . . . . . . . . . . . . . . 2 . . . 8 Sentry 44 | . . . . . 3 7 9 2 2 . 6 3 2 1 1 . 2 3 . 1 1 1 Specialist 9 | . . . . . . . 4 1 . . 1 . 2 . . . . . . 1 . . Hunter 24 | . . . . . 1 . 1 2 4 . 1 . . . 2 . . . 2 2 2 7 Programmer 60 | . . . . . . 3 . 8 1 . 1 . . . 3 3 3 11 . 4 5 18 Heavy 2 | . . . . . . . 1 . . . . . . . . . . . . . . 1 Behemoth 9 | . . . . . . 1 . . . . . . 1 . 1 1 1 . 1 . 1 2 Investigator 1 | . . . . . . . . . . . . . . . . . . . . . . 1 Best Kill Streak 18 | . 6 2 . . 4 7 4 12 7 . 5 6 4 2 8 4 8 10 9 5 5 18 Combat Bots Only 13 | . 5 2 . . 3 7 3 7 7 . 5 6 4 2 8 3 8 10 9 5 5 13 Max Kills in Single Turn 4 | . 1 1 . . 2 3 4 4 3 . 3 2 2 1 3 2 4 2 3 2 2 4 Gunslinging 1 | . . . . . . . . . 1 . . 1 1 . . . 1 1 . . . . Exploded 4 | . . . . . 1 3 1 3 3 . 3 . . . 3 . 4 . 3 2 1 3 Melee 1 | . . . . . . . 1 . . . . . . . . . . . . . . . Uniques/NPCs Destroyed . | . . . . . . . . . . . . . . . . . . . . . . . Combat | -11 -10 -10 -10 -9 -8 -8 -8 -7 -7 -7 -7 -6 -6 -5 -5 -4 -4 -3 -3 -2 -2 -1 -------- Run | Yrd Mat Min Exi Min Mat Gar Mat Fac Gar Fac Gar Fac Gar Fac Gar Fac Gar Res Gar Res Gar Acc Hostile Shots Fired 2615 | . 73 15 . 12 23 87 116 186 115 . 241 81 135 8 63 48 134 208 220 76 218 556 Missed 672 | . 18 3 . 5 5 22 33 49 36 . 78 25 39 2 13 19 31 45 56 29 19 145 Damage Taken 24186 | . 648 144 . 57 199 857 1143 1666 877 . 1523 616 424 124 737 316 1043 2252 1926 840 2756 6038 Core 1536 | . 105 92 . 20 46 70 103 302 68 . 140 75 11 . 29 8 72 59 82 . 136 118 Absorbed by Shields 13375 | . . . . . 76 294 167 536 337 . 507 . 360 . 341 265 978 1783 1628 287 2006 3810 Reduced by Siege Mode 2890 | . . . . . . . . . . . . . 45 18 65 19 77 268 103 46 709 1540 Redirected to Shielding 70 | . . . . . . . . . . . . . 70 . . . . . . . . . Regen/Repaired (Parts) 1777 | . 118 . . . . . 127 168 . . . . . 219 81 169 119 221 . 555 . . Core Remaining (%) 75 | 100 . . . 13 . . 60 . . . 27 . 89 . 97 . 93 . 89 . 90 92 Volleys Fired 1596 | . 82 8 . . 24 51 94 71 68 . 126 27 28 17 106 48 98 111 72 64 64 437 Largest 5 | . 2 2 . . 3 3 3 4 4 . 2 4 4 4 4 4 4 5 5 3 4 5 Hottest 473 | . 70 70 . . 144 153 162 155 120 . 120 90 105 105 113 98 120 195 228 273 473 240 Shots Fired 3537 | . 161 15 . . 70 137 280 264 229 . 160 84 73 41 247 128 310 396 174 88 153 527 Gun 2459 | . 161 15 . . 12 . . 232 205 . 79 76 60 32 196 108 286 365 141 4 . 487 Cannon 894 | . . . . . 58 131 280 27 21 . 75 2 13 . 23 1 16 6 22 46 149 24 Launcher 53 | . . . . . . 6 . 5 3 . 6 . . . 6 . 3 . 5 14 3 2 Special 131 | . . . . . . . . . . . . 6 . 9 22 19 5 25 6 24 1 14 Kinetic 2971 | . 82 7 . . 62 131 280 259 226 . 154 78 73 32 196 108 286 365 141 4 . 487 Thermal 382 | . 79 8 . . 8 . . . . . . . . . 23 1 16 6 22 46 149 24 Explosive 53 | . . . . . . 6 . 5 3 . 6 . . . 6 . 3 . 5 14 3 2 Electromagnetic . | . . . . . . . . . . . . . . . . . . . . . . . Robot Hit Streak 69 | . 12 8 . . 6 13 14 9 15 . 44 16 28 25 35 14 27 35 30 12 19 69 Robot Miss Streak 9 | . 4 1 . . 7 3 6 4 4 . 5 4 1 1 9 6 5 5 6 2 3 8 Penetration Max 2 | . . . . . 1 . 1 . 1 . 1 . . . . . . 2 1 . . 2 Secondary Targets 43 | . 1 1 . . . . . 1 6 . . 3 3 . 3 . 6 14 2 . . 3 Max Gunslinging Chain 2 | . 1 1 . . . . . 1 2 . . 1 2 . 1 . 1 2 1 . . 1 Shots Hit Robots 2234 | . 110 11 . . 35 62 149 143 125 . 105 49 38 34 130 79 168 291 110 43 100 452 Core Hits 1367 | . 44 5 . . 17 45 61 70 67 . 60 22 12 9 61 24 72 113 54 59 37 535 Critical Kills 15 | . . . . . . . . 1 . . . 2 1 . 1 . 3 1 2 . 2 2 Critical Parts Destroyed 8 | . . . . . 1 . . 2 . . 3 . . . . . . 1 1 . . . Critical Strikes 79 | . 9 . . . 7 16 18 6 1 . 6 2 1 . 1 . 3 2 3 . 2 2 Burn 9 | . 9 . . . . . . . . . . . . . . . . . . . . . Meltdown 6 | . . . . . . . . . . . . . . . 1 . 1 . . . 2 2 Destroy 17 | . . . . . 1 . . 3 . . 3 2 1 . . . 2 2 3 . . . Blast 47 | . . . . . 6 16 18 3 1 . 3 . . . . . . . . . . . Melee Attacks 14 | . . . . . . . 8 6 . . . . . . . . . . . . . . Impact . | . . . . . . . . . . . . . . . . . . . . . . . Slashing . | . . . . . . . . . . . . . . . . . . . . . . . Piercing . | . . . . . . . . . . . . . . . . . . . . . . . Sneak Attacks 10 | . . . . . . . 8 2 . . . . . . . . . . . . . . Combat Hostiles . | . . . . . . . . . . . . . . . . . . . . . . . Follow-up Attacks . | . . . . . . . . . . . . . . . . . . . . . . . Damage Inflicted 88629 | . 1208 116 . . 1028 2845 5182 4310 3145 . 3905 1141 957 606 4515 1684 4858 7335 3552 4323 4945 32974 Guns 59700 | . 1189 116 . . 84 . . 2696 2432 . 1598 1052 932 587 2170 1634 3416 7158 2278 25 . 32333 Cannons 17812 | . . . . . 832 1930 4546 498 327 . 1793 . . . 736 . 549 . 372 1240 4676 313 Explosions 10162 | . . . . . 96 915 399 937 386 . 512 . . . 1587 . 867 . 902 3005 269 287 Melee . | . . . . . . . . . . . . . . . . . . . . . . . Ramming 955 | . 19 . . . 16 . 237 179 . . 2 89 25 19 22 50 26 177 . 53 . 41 Kinetic 68685 | . 372 64 . . 844 1930 4546 3194 2759 . 3391 1052 932 587 2170 1634 3416 7158 2278 25 . 32333 Thermal 8923 | . 817 52 . . 168 . . . . . . . . . 736 . 549 . 372 1240 4676 313 Explosive 10066 | . . . . . . 915 399 937 386 . 512 . . . 1587 . 867 . 902 3005 269 287 Electromagnetic . | . . . . . . . . . . . . . . . . . . . . . . . Impact . | . . . . . . . . . . . . . . . . . . . . . . . Slashing . | . . . . . . . . . . . . . . . . . . . . . . . Piercing . | . . . . . . . . . . . . . . . . . . . . . . . Highest Corruption 32 | . . . . . . 3 3 8 3 3 . . . . 3 1 4 11 11 1 10 32 Average Corruption 6 | . . . . . . 2 2 3 3 2 . . . . 2 1 1 7 11 1 6 15 Corruption Purged 11 | . . . . . . . 3 5 . 3 . . . . . . . . . . . . Corruption Blocked . | . . . . . . . . . . . . . . . . . . . . . . . Effects 473 | . . . . . . 14 59 50 13 2 . . . . 23 3 23 37 37 7 28 177 Message Errors 111 | . . . . . . 3 16 10 5 . . . . . 5 1 7 6 8 1 8 41 Matter Fused 104 | . . . . . . 3 13 12 4 1 . . . . 6 . 7 7 6 1 3 41 Heat Flow Errors 48 | . . . . . . 2 9 4 2 . . . . . 3 . 1 6 4 . 2 15 Energy Discharges 49 | . . . . . . 1 4 7 . . . . . . 1 . 1 6 4 3 6 16 Parts Rejected 7 | . . . . . . . . 1 1 . . . . . 1 1 2 1 . . . . Parts Fused 5 | . . . . . . . 1 1 . . . . . . . . 2 . . . . 1 Data Loss (minor) 48 | . . . . . . 3 5 6 . 1 . . . . 3 . 1 2 3 2 3 19 Data Loss (major) 20 | . . . . . . 1 2 3 . . . . . . 1 . 1 2 2 . 1 7 Misfires 22 | . . . . . . . 5 3 1 . . . . . . . 1 1 2 . . 9 Alerts 19 | . . . . . . 1 3 3 . . . . . . 1 . . 4 2 . . 5 Misdirections 2 | . . . . . . . . . . . . . . . . . . . 2 . . . Weapon Failures 38 | . . . . . . . 1 . . . . . . . 2 1 . 2 4 . 5 23 Overload Shots . | . . . . . . . . . . . . . . . . . . . . . . . Overflow Damage 745 | . . . . . . 86 124 114 . . 22 . . . 22 . 125 23 30 118 81 . Projectiles 429 | . . . . . . 56 107 76 . . 22 . . . . . . . 30 57 81 . Explosions 284 | . . . . . . 30 8 38 . . . . . . 22 . 125 . . 61 . . Melee 32 | . . . . . . . 9 . . . . . . . . . . 23 . . . . Knockbacks 56 | . . . . . 2 9 29 5 1 . 6 . . 1 . . . 1 . 2 . . Impact 6 | . . . . . . . 1 1 . . . . . 1 . . . 1 . 2 . . Kinetic 49 | . . . . . 2 9 27 4 1 . 6 . . . . . . . . . . . Secondary 1 | . . . . . . . 1 . . . . . . . . . . . . . . . Self-Inflicted Damage 391 | . . . . . . 33 . 265 . . 32 . . . . . . . . . . 61 Shots 7 | . . . . . . 1 . 4 . . 1 . . . . . . . . . . 1 Rammed 83 | . 7 . . . 1 . 29 14 . . 1 3 2 2 4 6 2 7 . 2 . 3 Targets Rammed 93 | . 8 . . . 3 . 31 16 . . 1 3 2 2 4 6 2 8 . 3 . 4 Kicked . | . . . . . . . . . . . . . . . . . . . . . . . Crushed 10 | . 1 . . . 2 . 2 2 . . . . . . . . . 1 . 1 . 1 Highest Temperature 533 | . 177 22 . . 48 384 349 271 210 . 307 4 . 35 288 126 408 414 472 365 533 236 Average Temperature 88 | . 19 9 . . 14 99 64 59 57 . 84 3 . 18 54 26 114 87 224 77 189 72 Received Heat Transfer 4463 | . 321 75 . . 74 234 304 476 270 . 314 105 83 46 60 30 376 205 329 92 592 477 Effects 53 | . . . . . . . . 1 3 . . . . . 1 . 1 6 18 . 19 4 Shutdowns 19 | . . . . . . . . . . . . . . . . . 1 2 10 . 6 . Energy Bleed 6 | . . . . . . . . 1 . . . . . . 1 . . . 2 . 1 1 Interference 17 | . . . . . . . . . 3 . . . . . . . . 3 4 . 4 3 Matter Decay 3 | . . . . . . . . . . . . . . . . . . 1 . . 2 . Short Circuit 4 | . . . . . . . . . . . . . . . . . . . 1 . 3 . Damage (minor) 3 | . . . . . . . . . . . . . . . . . . . 1 . 2 . Damage (major) 1 | . . . . . . . . . . . . . . . . . . . . . 1 . Siege Activations 51 | . . . . . . . . . . . . . 1 2 5 3 6 10 3 3 6 12 Total Turns 3085 | . . . . . . . . . . . . . 20 33 90 74 127 236 64 72 188 2181 Longest Duration 1404 | . . . . . . . . . . . . . 20 23 41 34 36 52 57 32 63 1404 Robots Corrupted 2 | . . . . . . . 1 . . . . . . . . . . 1 . . . . Combat Hostiles . | . . . . . . . . . . . . . . . . . . . . . . . Parts Fried 6 | . . . . . . . 2 . . . . . . . . . . 4 . . . . Impact Corruptions 3 | . . . . . . . 1 . . . . . . . . . . 2 . . . . Robots Melted 6 | . . . . . . . . . . . . . . . 1 . 1 . . . 2 2 Combat Hostiles 4 | . . . . . . . . . . . . . . . . . . . . . 2 2 Parts Melted 35 | . 9 . . . . . . . . . . . . . 1 . 1 . . . 11 13 Heat Transferred 9623 | . 3071 148 . . 236 . . . . . . . . . 703 . 481 . 333 999 3393 259 Parts Sabotaged 3 | . . . . . . . . . . . . . . . . . . . . . 3 . Parts Stolen . | . . . . . . . . . . . . . . . . . . . . . . . Parts Stripped . | . . . . . . . . . . . . . . . . . . . . . . . Power Chain Reactions . | . . . . . . . . . . . . . . . . . . . . . . . Alert | -11 -10 -10 -10 -9 -8 -8 -8 -7 -7 -7 -7 -6 -6 -5 -5 -4 -4 -3 -3 -2 -2 -1 ------- Run | Yrd Mat Min Exi Min Mat Gar Mat Fac Gar Fac Gar Fac Gar Fac Gar Fac Gar Res Gar Res Gar Acc Peak Influence 3207 | . 270 73 . 53 161 1195 750 524 1376 776 1199 660 596 375 1198 690 1774 1455 1556 1277 1209 3207 Initial 997 | . . 18 . . 12 . 582 252 348 722 319 629 249 312 . 628 90 997 881 875 457 724 Average 692 | . 69 41 . 3 47 715 261 142 889 600 808 238 435 144 602 431 1090 1106 1337 921 899 2005 Maximum Alert Level 5 | . 1 . . . . 4 3 2 4 3 4 2 2 1 4 2 5 4 4 4 4 5 Low Security (%) 33 | 100 98 100 . 100 100 16 43 78 . . . 63 . 56 11 31 3 . . . . . Level 1 11 | . 1 . . . . 6 45 14 5 . 7 21 38 43 5 . 5 . . . . . Level 2 15 | . . . . . . 28 8 7 20 71 36 15 61 . 46 68 9 . . 17 24 . Level 3 15 | . . . . . . 18 2 . 57 28 28 . . . 29 . 25 37 7 60 54 17 Level 4 15 | . . . . . . 29 . . 16 . 27 . . . 6 . 38 62 92 21 20 22 Level 5 3 | . . . . . . . . . . . . . . . . . 17 . . . . 21 High Security 4 | . . . . . . . . . . . . . . . . . . . . . . 37 Max Security . | . . . . . . . . . . . . . . . . . . . . . . . Sterilizations 1 | . . . . . . . . . . . . . . . . . . . . . . 1 Squads Dispatched 89 | . 4 1 . . 1 . 7 11 . 1 . 2 . 1 . 6 . 15 . 12 . 28 Investigation 6 | . 3 1 . . . . 1 . . . . 1 . . . . . . . . . . Extermination 21 | . . . . . . . . 6 . . . . . . . 3 . 4 . 3 . 5 Reinforcement 23 | . 1 . . . 1 . 6 2 . 1 . 1 . 1 . 2 . 4 . 2 . 2 Assault 32 | . . . . . . . . . . . . . . . . 1 . 6 . 4 . 21 Garrison 7 | . . . . . . . . 3 . . . . . . . . . 1 . 3 . . Intercept . | . . . . . . . . . . . . . . . . . . . . . . . Searches Triggered . | . . . . . . . . . . . . . . . . . . . . . . . Construction Impeded 3 | . . . . . . . 1 1 . . . . . . . . . . . . . 1 Haulers Reinforced 3 | . . . . . . . . . . . . 1 . . . . . 2 . . . . Active Scanning Responses . | . . . . . . . . . . . . . . . . . . . . . . . Cargo Convoy Interrupts 1 | . . . . . . . . 1 . . . . . . . . . . . . . . Alert ID Control Effect 18 | . . . . . . . . . . . . . . . . . . . 7 4 . 7 Stealth | -11 -10 -10 -10 -9 -8 -8 -8 -7 -7 -7 -7 -6 -6 -5 -5 -4 -4 -3 -3 -2 -2 -1 --------- Run | Yrd Mat Min Exi Min Mat Gar Mat Fac Gar Fac Gar Fac Gar Fac Gar Fac Gar Res Gar Res Gar Acc Distress Signals 23 | . 2 . . . 3 . 7 1 . . . . . . . 2 . 5 . 1 . 2 Communications Jammed . | . . . . . . . . . . . . . . . . . . . . . . . Distress Signals . | . . . . . . . . . . . . . . . . . . . . . . . Times Spotted 732 | . 24 6 . 3 15 34 70 44 30 3 30 17 7 9 28 24 41 75 32 38 27 175 Peak Tracking Total 11 | . 5 3 . 4 6 7 3 6 6 2 7 5 4 4 4 4 5 10 9 7 5 11 Tactical Retreats 45 | . 4 1 . 2 . 7 4 3 1 . . 1 1 . 2 1 2 6 2 3 3 2 Traps | -11 -10 -10 -10 -9 -8 -8 -8 -7 -7 -7 -7 -6 -6 -5 -5 -4 -4 -3 -3 -2 -2 -1 ------- Run | Yrd Mat Min Exi Min Mat Gar Mat Fac Gar Fac Gar Fac Gar Fac Gar Fac Gar Res Gar Res Gar Acc Traps Triggered 26 | . 1 . . . . 5 2 2 8 . 1 . 1 . 1 . 5 . . . . . Indirectly . | . . . . . . . . . . . . . . . . . . . . . . . Trap Hack Attempts . | . . . . . . . . . . . . . . . . . . . . . . . Triggered . | . . . . . . . . . . . . . . . . . . . . . . . Disarmed . | . . . . . . . . . . . . . . . . . . . . . . . Reprogrammed . | . . . . . . . . . . . . . . . . . . . . . . . Reused . | . . . . . . . . . . . . . . . . . . . . . . . Traps Extracted . | . . . . . . . . . . . . . . . . . . . . . . . Installed . | . . . . . . . . . . . . . . . . . . . . . . . Triggered 2 | . . . . . . . . 2 . . . . . . . . . . . . . . Machines | -11 -10 -10 -10 -9 -8 -8 -8 -7 -7 -7 -7 -6 -6 -5 -5 -4 -4 -3 -3 -2 -2 -1 ---------- Run | Yrd Mat Min Exi Min Mat Gar Mat Fac Gar Fac Gar Fac Gar Fac Gar Fac Gar Res Gar Res Gar Acc Machines Disabled 53 | . . . . . 4 5 11 5 3 . 1 1 3 1 1 . 4 2 4 2 3 3 Max in Single Turn 2 | . . . . . 2 1 2 2 1 . 1 1 1 1 1 . 1 1 1 1 1 1 Garrison Access 2 | . . . . . . . . 1 . . . . . . . . . 1 . . . . Garrison Relay 15 | . . . . . . 2 . . 3 . 1 . 2 . . . 2 . 3 . 2 . Machines Repaired . | . . . . . . . . . . . . . . . . . . . . . . . Machines Dismantled . | . . . . . . . . . . . . . . . . . . . . . . . Machines Sabotaged . | . . . . . . . . . . . . . . . . . . . . . . . Overloaded Fab Kills . | . . . . . . . . . . . . . . . . . . . . . . . Hacking | -11 -10 -10 -10 -9 -8 -8 -8 -7 -7 -7 -7 -6 -6 -5 -5 -4 -4 -3 -3 -2 -2 -1 --------- Run | Yrd Mat Min Exi Min Mat Gar Mat Fac Gar Fac Gar Fac Gar Fac Gar Fac Gar Res Gar Res Gar Acc Machines Accessed 70 | . 10 2 2 . 8 1 11 7 2 4 1 2 2 3 1 4 1 3 1 2 1 2 Terminals 46 | . 7 1 . . 7 1 8 1 2 3 1 1 2 1 1 2 1 2 1 1 1 2 Fabricators 2 | . . . . . . . . 1 . . . . . . . 1 . . . . . . Repair Stations 5 | . 1 . . . . . 1 2 . . . . . 1 . . . . . . . . Recycling Units 5 | . 2 . . . . . 2 1 . . . . . . . . . . . . . . Scanalyzers . | . . . . . . . . . . . . . . . . . . . . . . . Garrison Access 9 | . . . . . 1 . . 2 . 1 . 1 . 1 . 1 . 1 . 1 . . Total Hacks 155 | . 20 3 2 . 16 3 33 18 5 7 2 7 2 6 4 5 2 10 2 3 2 3 Successful 72 | . 9 1 2 . 13 1 12 8 . 4 1 4 2 4 3 1 1 3 . 2 1 . Failed 82 | . 10 2 . . 3 2 21 10 5 3 1 3 . 2 1 4 1 7 2 1 1 3 Catastrophic 23 | . 3 1 . . 1 1 6 . 2 2 . 1 . . . 2 . 2 1 1 . . Database Lockouts 1 | . 1 . . . . . . . . . . . . . . . . . . . . . Manual 66 | . 13 2 1 . 13 1 11 3 . 1 . 5 . 4 3 3 . 4 . 1 . 1 Terminals 107 | . 14 2 . . 15 3 24 3 5 6 2 4 2 3 4 2 2 8 2 1 2 3 Fabricators 3 | . . . . . . . . 1 . . . . . . . 2 . . . . . . Repair Stations 18 | . 2 . . . . . 5 10 . . . . . 1 . . . . . . . . Recycling Units 10 | . 4 . . . . . 4 2 . . . . . . . . . . . . . . Scanalyzers . | . . . . . . . . . . . . . . . . . . . . . . . Garrison Access 14 | . . . . . 1 . . 2 . 1 . 3 . 2 . 1 . 2 . 2 . . Terminal Hacks 26 | . 4 1 2 . 3 1 4 1 . 2 1 1 2 1 1 . 1 . . . 1 . Record 1 | . . . 1 . . . . . . . . . . . . . . . . . . . Robot Schematic 1 | . 1 . . . . . . . . . . . . . . . . . . . . . Robot Analysis 3 | . 2 . . . 1 . . . . . . . . . . . . . . . . . Prototype ID Bank 1 | . . . . . 1 . . . . . . . . . . . . . . . . . Open Door 1 | . . 1 . . . . . . . . . . . . . . . . . . . . Branch Access Points 1 | . . . . . . . . . . 1 . . . . . . . . . . . . Emergency Access Points 5 | . . . . . . 1 . . . . . . 1 . 1 . 1 . . . 1 . Unreport Threat 10 | . 1 . . . 1 . 4 1 . 1 . 1 . 1 . . . . . . . . Garrison Registry 2 | . . . . . . . . . . . 1 . 1 . . . . . . . . . Derelict Proto ID Bank 1 | . . . 1 . . . . . . . . . . . . . . . . . . . Fabricator Hacks 1 | . . . . . . . . 1 . . . . . . . . . . . . . . Network Status 1 | . . . . . . . . 1 . . . . . . . . . . . . . . Repair Station Hacks 9 | . 2 . . . . . 4 3 . . . . . . . . . . . . . . Scan Component 5 | . 1 . . . . . 2 2 . . . . . . . . . . . . . . Repair 4 | . 1 . . . . . 2 1 . . . . . . . . . . . . . . Recycling Unit Hacks 5 | . . . . . . . 4 1 . . . . . . . . . . . . . . Process 3 | . . . . . . . 2 1 . . . . . . . . . . . . . . Retrieve Matter 2 | . . . . . . . 2 . . . . . . . . . . . . . . . Scanalyzer . | . . . . . . . . . . . . . . . . . . . . . . . Garrison Access Hacks 13 | . . . . . 1 . . 2 . 1 . 2 . 2 . 1 . 2 . 2 . . Unlock Access 8 | . . . . . 1 . . 1 . 1 . 1 . 1 . 1 . 1 . 1 . . Seal Access 1 | . . . . . . . . 1 . . . . . . . . . . . . . . Coupler Status 4 | . . . . . . . . . . . . 1 . 1 . . . 1 . 1 . . Unauthorized Hacks 18 | . 3 . . . 9 . . . . 1 . 1 . 1 2 . . 1 . . . . Terminals 14 | . 1 . . . 9 . . . . 1 . . . . 2 . . 1 . . . . Assimilate 1 | . . . . . 1 . . . . . . . . . . . . . . . . . Botnet 3 | . . . . . 2 . . . . . . . . . 1 . . . . . . . Disrupt 1 | . . . . . . . . . . . . . . . 1 . . . . . . . Operators 2 | . . . . . . . . . . 1 . . . . . . . 1 . . . . Skim 7 | . 1 . . . 6 . . . . . . . . . . . . . . . . . Fabricators . | . . . . . . . . . . . . . . . . . . . . . . . Repair Stations 1 | . . . . . . . . . . . . . . 1 . . . . . . . . Mechanics 1 | . . . . . . . . . . . . . . 1 . . . . . . . . Recycling Units 2 | . 2 . . . . . . . . . . . . . . . . . . . . . Tunnel 2 | . 2 . . . . . . . . . . . . . . . . . . . . . Scanalyzers . | . . . . . . . . . . . . . . . . . . . . . . . Garrison Access 1 | . . . . . . . . . . . . 1 . . . . . . . . . . Eject 1 | . . . . . . . . . . . . 1 . . . . . . . . . . Data Cores Recovered . | . . . . . . . . . . . . . . . . . . . . . . . Used . | . . . . . . . . . . . . . . . . . . . . . . . Hacking Detections 55 | . 7 1 . . 7 1 8 4 2 4 1 2 2 3 1 3 1 3 1 1 1 2 Full Trace Events 4 | . . 1 . . . . . . 2 . . . . . . . . . 1 . . . Feedback Events . | . . . . . . . . . . . . . . . . . . . . . . . Feedback Blocked . | . . . . . . . . . . . . . . . . . . . . . . . Robot Schematics Acquired 1 | . 1 . . . . . . . . . . . . . . . . . . . . . Robots Built . | . . . . . . . . . . . . . . . . . . . . . . . Authchips . | . . . . . . . . . . . . . . . . . . . . . . . Time . | . . . . . . . . . . . . . . . . . . . . . . . Total Robot Build Rating . | . . . . . . . . . . . . . . . . . . . . . . . Part Schematics Acquired . | . . . . . . . . . . . . . . . . . . . . . . . Parts Built . | . . . . . . . . . . . . . . . . . . . . . . . Authchips . | . . . . . . . . . . . . . . . . . . . . . . . Time . | . . . . . . . . . . . . . . . . . . . . . . . Total Part Build Rating . | . . . . . . . . . . . . . . . . . . . . . . . Parts Repaired 4 | . 1 . . . . . 2 1 . . . . . . . . . . . . . . Time 176 | . 26 . . . . . 106 44 . . . . . . . . . . . . . . Parts Recycled . | . . . . . . . . . . . . . . . . . . . . . . . Recycled Matter 524 | . . . . . . . 515 9 . . . . . . . . . . . . . . Retrieved Matter 540 | . . . . . . . 540 . . . . . . . . . . . . . . . Retrieved Components . | . . . . . . . . . . . . . . . . . . . . . . . Parts Scanalyzed . | . . . . . . . . . . . . . . . . . . . . . . . Part Schematics Acquired . | . . . . . . . . . . . . . . . . . . . . . . . Parts Damaged . | . . . . . . . . . . . . . . . . . . . . . . . Bothacking | -11 -10 -10 -10 -9 -8 -8 -8 -7 -7 -7 -7 -6 -6 -5 -5 -4 -4 -3 -3 -2 -2 -1 ------------ Run | Yrd Mat Min Exi Min Mat Gar Mat Fac Gar Fac Gar Fac Gar Fac Gar Fac Gar Res Gar Res Gar Acc Used RIF Installer 11 | . . . . . . 2 . . 1 . 2 . 2 . 1 . 1 . 1 . 1 . Coupler Efficiency 2 | . . . . . . 1 . . . . . . 1 . . . . . . . . . Code Merge 1 | . . . . . . . . . . . . . . . 1 . . . . . . . Command Fork 1 | . . . . . . . . . 1 . . . . . . . . . . . . . Robot Detection 1 | . . . . . . . . . . . . . . . . . 1 . . . . . Watcher Feeds 1 | . . . . . . . . . . . 1 . . . . . . . . . . . Patrol Navigation 1 | . . . . . . . . . . . 1 . . . . . . . . . . . Alert ID Control 1 | . . . . . . . . . . . . . . . . . . . 1 . . . Structural Interface 1 | . . . . . . . . . . . . . . . . . . . . . 1 . Autoassimilate 1 | . . . . . . . . . . . . . 1 . . . . . . . . . Robots Hacked 62 | . . . . . . . 2 4 . . . 1 . 5 1 9 5 12 7 6 1 9 Non-combat 17 | . . . . . . . 2 2 . . . 1 . 2 . 4 . 2 . 2 . 2 Combat 45 | . . . . . . . . 2 . . . . . 3 1 5 5 10 7 4 1 7 Autoassimilated 10 | . . . . . . . . . . . . . . 1 1 2 1 2 2 . . 1 Robot Hacks Applied 84 | . . . . . . . 7 5 . . . 3 . 7 . 10 4 19 5 14 1 9 parse_system 1 | . . . . . . . . . . . . . . . . . . 1 . . . . no_distress 2 | . . . . . . . . 2 . . . . . . . . . . . . . . map_walls 1 | . . . . . . . . . . . . . . . . . . . . . . 1 drop_inventory 2 | . . . . . . . . . . . . . . . . 2 . . . . . . purge_threat 30 | . . . . . . . 5 . . . . 3 . 2 . 4 . 7 . 9 . . find_terminals 1 | . . . . . . . 1 . . . . . . . . . . . . . . . map_route 2 | . . . . . . . . . . . . . . . . . . . . . . 2 find_garrison 3 | . . . . . . . . 1 . . . . . 1 . . . 1 . . . . overload_power 1 | . . . . . . . . . . . . . . . . . . . . . . 1 amplify_resonance 8 | . . . . . . . . . . . . . . . . 1 1 4 1 . . 1 reboot_system 1 | . . . . . . . . . . . . . . . . . . . 1 . . . overwrite_iff 11 | . . . . . . . . 2 . . . . . 1 . 2 1 2 1 . . 2 formatsys_low 7 | . . . . . . . 1 . . . . . . 2 . 1 . 2 . 1 . . formatsys_high 12 | . . . . . . . . . . . . . . 1 . . 2 2 2 2 1 2 formatsys_deep 2 | . . . . . . . . . . . . . . . . . . . . 2 . . Relay Couplers Released 76 | . . . . . . 6 . . 18 . 9 3 7 . . . 9 2 13 . 9 . Ejected 3 | . . . . . . . . . . . . 3 . . . . . . . . . . Machine Destruction 65 | . . . . . . 6 . . 14 . 5 . 7 . . . 9 2 13 . 9 . Programmers 8 | . . . . . . . . . 4 . 4 . . . . . . . . . . . Attached 30 | . . . . . . . 2 1 . . . 1 2 1 . 3 2 5 3 6 1 3 Fabnet Peak Effective % . | . . . . . . . . . . . . . . . . . . . . . . . Robots Rewired 22 | . . . . . . . . . . . 7 1 1 . 10 . 3 . . . . . Allies Hacked 4 | . . . . . . . . . . . . . . . . . 3 . . 1 . . Hacks Repelled . | . . . . . . . . . . . . . . . . . . . . . . . Allies | -11 -10 -10 -10 -9 -8 -8 -8 -7 -7 -7 -7 -6 -6 -5 -5 -4 -4 -3 -3 -2 -2 -1 -------- Run | Yrd Mat Min Exi Min Mat Gar Mat Fac Gar Fac Gar Fac Gar Fac Gar Fac Gar Res Gar Res Gar Acc Total Allies 82 | . . 4 . . 1 . 1 2 . . 7 1 3 6 13 6 7 8 6 11 1 5 Largest Group 13 | . . 3 2 2 1 . 1 1 . . 7 1 2 5 13 8 9 3 6 6 . 3 Highest-Rated Group 559 | . . 40 32 32 10 . 10 16 . . 127 29 157 97 559 358 407 137 367 270 . 207 Highest-Rated Ally 137 | . . 31 16 16 10 . 10 16 . . 21 29 95 29 95 95 56 137 64 69 . 69 Total Orders 24 | . . . . . 1 3 1 . . . . . 2 1 5 1 5 4 . 1 . . STAY 9 | . . . . . 1 . 1 . . . . . 1 . 3 . 3 . . . . . ROAM 2 | . . . . . . . . . . . . . . . . . . 2 . . . . FOLLOW 2 | . . . . . . . . . . . . . 1 . 1 . . . . . . . AID 7 | . . . . . . . . . . . . . . 1 1 1 1 2 . 1 . . DROP 1 | . . . . . . . . . . . . . . . . . 1 . . . . . RETURN 3 | . . . . . . 3 . . . . . . . . . . . . . . . . Ally Attacks 537 | . . 23 . 9 . 22 . 8 . . 55 6 12 6 76 62 69 34 29 70 . 56 Total Damage 14274 | . . 113 . 63 . 140 . 111 . . 939 57 420 94 2409 1387 1339 1525 1193 2415 . 2069 Kills 87 | . . 4 . 2 . 1 . . . . 13 . 2 . 12 6 11 7 7 12 . 10 Allies Corrupted 7 | . . . . . . . . . . . . . . . . . 2 1 . 4 . . Allies Melted 1 | . . . . . . . . . . . . . 1 . . . . . . . . . Intel | -11 -10 -10 -10 -9 -8 -8 -8 -7 -7 -7 -7 -6 -6 -5 -5 -4 -4 -3 -3 -2 -2 -1 ------- Run | Yrd Mat Min Exi Min Mat Gar Mat Fac Gar Fac Gar Fac Gar Fac Gar Fac Gar Res Gar Res Gar Acc Robot Analysis Total 3 | . 2 . . . 1 . . . . . . . . . . . . . . . . . Derelict Logs Recovered 1 | . . 1 . . . . . . . . . . . . . . . . . . . . Drone Launches 9 | . . . . . . 9 . . . . . . . . . . . . . . . . Drone Recoveries 7 | . . . . . . 7 . . . . . . . . . . . . . . . . Exploration | -11 -10 -10 -10 -9 -8 -8 -8 -7 -7 -7 -7 -6 -6 -5 -5 -4 -4 -3 -3 -2 -2 -1 ------------- Run | Yrd Mat Min Exi Min Mat Gar Mat Fac Gar Fac Gar Fac Gar Fac Gar Fac Gar Res Gar Res Gar Acc Turns Passed 35390 | 56 1672 1155 548 267 2074 1751 4962 3257 1227 635 1178 719 1393 580 1623 1055 2169 1648 953 1157 959 4352 Spaces Moved 14175 | 32 848 526 269 159 776 685 1753 1246 583 305 453 358 762 304 796 521 1076 764 475 550 397 537 Core 2 | 2 . . . . . . . . . . . . . . . . . . . . . . Treads 12739 | 30 848 526 269 159 776 685 1753 1116 . . 37 358 762 304 796 521 1076 764 475 550 397 537 Legs . | . . . . . . . . . . . . . . . . . . . . . . . Wheels 1434 | . . . . . . . . 130 583 305 416 . . . . . . . . . . . Hover . | . . . . . . . . . . . . . . . . . . . . . . . Flight . | . . . . . . . . . . . . . . . . . . . . . . . Fastest Speed 50 | 50 160 160 160 160 160 160 243 160 145 160 145 160 160 160 160 154 151 145 145 151 151 159 Average Speed 181 | 153 160 160 202 160 214 223 243 229 159 160 159 160 160 160 160 154 156 150 145 151 156 172 Slowest Speed 325 | 160 160 160 320 160 240 243 325 238 160 160 240 160 160 160 240 154 240 155 145 151 162 178 Overloaded Moves . | . . . . . . . . . . . . . . . . . . . . . . . Propulsion Burnouts . | . . . . . . . . . . . . . . . . . . . . . . . Robots Hopped . | . . . . . . . . . . . . . . . . . . . . . . . Cave-ins Triggered . | . . . . . . . . . . . . . . . . . . . . . . . Exploration Rate (%) 49 | 4 97 98 69 35 41 70 99 34 74 10 62 9 87 11 84 10 84 22 62 19 42 16 Regions Visited 22 Branch Regions 3 Pre-discovered Areas 6 | . 2 . 1 . 3 . . . . . . . . . . . . . . . . . Known Exits Taken 8 | . . . . . 1 . . 1 . 1 . 1 . 1 . 1 . 1 . 1 . . Unknown Exits Taken 6 | 1 1 1 1 1 . . 1 . . . . . . . . . . . . . . . Scrap Searched 1 | . . 1 . . . . . . . . . . . . . . . . . . . . Spaces Dug 65 | . . . . . 2 . 3 3 4 . 23 1 1 . 3 1 3 3 2 7 2 7 Terrain Destroyed 737 | . . . . . 52 27 223 79 14 . 95 1 4 . 39 1 29 8 32 81 31 21 Melee . | . . . . . . . . . . . . . . . . . . . . . . . Projectile 347 | . . . . . 31 7 139 11 14 . 38 1 4 . 7 1 16 8 15 16 30 9 AOE 388 | . . . . . 21 20 84 68 . . 57 . . . 32 . 13 . 17 65 1 10 Terrain Rammed . | . . . . . . . . . . . . . . . . . . . . . . . Walls Destroyed . | . . . . . . . . . . . . . . . . . . . . . . . Machines Disabled . | . . . . . . . . . . . . . . . . . . . . . . . Actions | -11 -10 -10 -10 -9 -8 -8 -8 -7 -7 -7 -7 -6 -6 -5 -5 -4 -4 -3 -3 -2 -2 -1 --------- Run | Yrd Mat Min Exi Min Mat Gar Mat Fac Gar Fac Gar Fac Gar Fac Gar Fac Gar Res Gar Res Gar Acc Total 21676 | 37 1011 825 273 172 1137 807 2192 1496 751 452 716 460 901 378 1011 712 1399 1064 613 809 609 3851 Wait 4810 | . 58 288 . 14 290 28 262 84 30 140 28 57 34 27 63 118 100 139 45 158 88 2759 Move 14159 | 31 847 525 268 158 776 684 1752 1246 582 305 452 357 761 304 795 521 1075 764 474 550 396 536 Hop . | . . . . . . . . . . . . . . . . . . . . . . . Pick Up 188 | 1 6 1 2 . 13 8 12 13 15 1 8 3 16 4 7 3 14 6 8 7 22 18 Fast Attach 84 | 5 4 . . . 8 . 6 8 3 2 5 1 2 4 6 1 8 6 1 2 7 5 Attach 89 | . . 1 . . 2 . 3 7 7 1 6 6 3 2 . 4 4 5 5 10 8 15 Detach 41 | . . . . . 6 . . 3 . 1 4 1 2 2 . . 5 2 2 5 3 5 Swap 226 | . 4 2 2 . 3 19 14 19 3 . 1 4 5 10 12 10 19 18 4 6 10 61 Drop 166 | . 2 . 1 . 12 15 10 19 12 2 14 1 12 6 12 1 18 4 2 2 10 11 Fire 1596 | . 82 8 . . 24 51 94 71 68 . 126 27 28 17 106 48 98 111 72 64 64 437 Melee 14 | . . . . . . . 8 6 . . . . . . . . . . . . . . Ram 3 | . . . . . . . . 2 . . 1 . . . . . . . . . . . Kick . | . . . . . . . . . . . . . . . . . . . . . . . Crush 90 | . 8 . . . 3 . 31 14 . . . 3 2 2 4 6 2 8 . 3 . 4 Escape Stasis 45 | . . . . . . 2 . 4 31 . 8 . . . . . . . . . . . Rewire 165 | . . . . . . . . . . . 63 . 36 . 6 . 56 1 . 2 1 . Trap . | . . . . . . . . . . . . . . . . . . . . . . . Miscellaneous . | . . . . . . . . . . . . . . . . . . . . . . . Route ------- -11/Scrapyard -10/Materials (discovered 5 exits: [*Mat x3] / *Min x2) -10/Mines (discovered 3 exits: [*Mat x2] / *Exi) -10/Exiles -9/Mines -8/Materials -8/Garrison (discovered 3 exits: *Mat x3) -8/Materials (discovered 3 exits: *Fac x3) -7/Factory (discovered 2 exits: *Sto / Gar) -7/Garrison (discovered 3 exits: *Fac x3) -7/Factory (discovered 5 exits: Sto x2 / *Low x2 / Gar) -7/Garrison (discovered 3 exits: *Fac x3) -6/Factory (discovered 3 exits: *Fac x2 / Gar) -6/Garrison (discovered 3 exits: *Fac x3) -5/Factory (discovered 2 exits: *Fac / Gar) -5/Garrison (discovered 3 exits: *Fac x3) -4/Factory -4/Garrison (discovered 3 exits: *Res x3) -3/Research (discovered 2 exits: *Res / Gar) -3/Garrison (discovered 3 exits: *Res x3) -2/Research (discovered 2 exits: *Qua / Gar) -2/Garrison -1/Access To Epsilon Eridani History --------- Turn | Location | Event 7 | -11/Scrapyard | Discovered new exit (range 14) 57 | -11/Scrapyard | Entered Materials 308 | -10/Materials | Build established: Mutant 751 | -10/Materials | Central database locked down 788 | -10/Materials | Discovered new exit (range 11) 910 | -10/Materials | Discovered new exit (range 14) 1093 | -10/Materials | Discovered new exit (range 5) 1143 | -10/Materials | Discovered new exit (range 5) 1312 | -10/Materials | Discovered new exit (range 5) 1483 | -10/Materials | Repaired Lgt. Treads 1729 | -10/Materials | Entered Mines 1760 | -10/Mines | Assembled infested the area 1768 | -10/Mines | Core integrity fell below 50% 1794 | -10/Mines | Received a Mining Laser from a helpful Derelict 2135 | -10/Mines | Assisted by bots powering up and referring to "LRC-V3" 2314 | -10/Mines | Learned Materials stockpile data 2316 | -10/Mines | Discovered new exit (range 5) 2519 | -10/Mines | Found the Drone Emporium 2527 | -10/Mines | Found Prototype Device 2528 | -10/Mines | Identified Thief Drone Bay 2747 | -10/Mines | Discovered new exit (range 14) 2878 | -10/Mines | Discovered new exit (range 5) 2884 | -10/Mines | Entered Exiles 2884 | -10/Exiles | Accompanied by 2 allies 2923 | -10/Exiles | Met 8R-AWN 2950 | -10/Exiles | Met EX-HEX 2998 | -10/Exiles | Met EX-BIN 3020 | -10/Exiles | Aligned with FarCom system 3022 | -10/Exiles | Given EX-Vault access code 3064 | -10/Exiles | Opened EX-Vault 3074 | -10/Exiles | Found XL Autogun Array 3139 | -10/Exiles | Warned to stay clear of 0b10 Research branches 3330 | -10/Exiles | Met EX-DEC 3364 | -10/Exiles | Learned location of Zion (-7) 3420 | -10/Exiles | Discovered new exit (range 10) 3432 | -10/Exiles | Left Exiles lab with XL Autogun Array 3432 | -10/Exiles | Entered Mines 3432 | -9/Mines | Accompanied by 2 allies 3639 | -9/Mines | Discovered new exit (range 5) 3666 | -9/Mines | Core integrity fell below 20% 3699 | -9/Mines | Entered Materials 3699 | -8/Materials | Evolved 4 slots: Propulsion x1, Utility x2, Weapon x1 3987 | -8/Materials | Build established: Skirmisher 4637 | -8/Materials | Build established: Tank 5138 | -8/Materials | Learned location of Extension (-4) 5177 | -8/Materials | Learned location of 1 exit from Lower Caves 5207 | -8/Materials | Learned Factory repair station intel 5228 | -8/Materials | Learned 8 Factory zone layouts 5300 | -8/Materials | Learned location of 1 exit from Lower Caves 5773 | -8/Materials | Identified exit to Garrison 5773 | -8/Materials | Entered Garrison 5787 | -8/Garrison | Triggered checkpoint 5837 | -8/Garrison | Discovered new exit (range 6) 5953 | -8/Garrison | Triggered checkpoint 6043 | -8/Garrison | Installed Relay Interface Framework 6069 | -8/Garrison | Garrison Relay disabled 6206 | -8/Garrison | Destroyed 7 combat bots 6213 | -8/Garrison | Triggered checkpoint 6233 | -8/Garrison | Triggered checkpoint 6251 | -8/Garrison | Triggered checkpoint 6330 | -8/Garrison | Spotted B-75 Beast 6365 | -8/Garrison | Destroyed B-75 Beast 6598 | -8/Garrison | Discovered new exit (range 12) 6645 | -8/Garrison | Build established: Skirmisher 6668 | -8/Garrison | Garrison Relay disabled 6671 | -8/Garrison | Triggered checkpoint 6963 | -8/Garrison | Expanded RIF knowledge: Coupler Efficiency 7016 | -8/Garrison | Discovered new exit (range 11) 7056 | -8/Garrison | Triggered checkpoint 7524 | -8/Garrison | Entered Materials 8233 | -8/Materials | Build established: Tank 8872 | -8/Materials | Discovered new exit (range 15) 11130 | -8/Materials | Repaired Adv. Cooling System? 11143 | -8/Materials | Build established: Hacker-Skirmisher 11507 | -8/Materials | Discovered new exit (range 15) 11551 | -8/Materials | Build established: Skirmisher 11846 | -8/Materials | Repaired Imp. Medium Treads? 12401 | -8/Materials | Discovered new exit (range 5) 12486 | -8/Materials | Entered Factory 12486 | -7/Factory | Evolved 2 slots: Propulsion x1, Weapon x1 12488 | -7/Factory | Loaded intel: 6 repair station locations 12629 | -7/Factory | Discovered new exit (range 9) 13011 | -7/Factory | Build established: Tank 13060 | -7/Factory | Garrison activated, responded to threat 13463 | -7/Factory | Cargo convoy interrupted 14892 | -7/Factory | Repaired Arm. Huge Wheel 15500 | -7/Factory | Garrison activated, responded to threat 15540 | -7/Factory | Destroyed 7 combat bots 15743 | -7/Factory | Identified exit to Garrison 15743 | -7/Factory | Entered Garrison 15793 | -7/Garrison | Triggered checkpoint 15831 | -7/Garrison | Garrison Relay disabled 15919 | -7/Garrison | Triggered checkpoint 15983 | -7/Garrison | Destroyed 7 combat bots 16030 | -7/Garrison | Discovered new exit (range 12) 16085 | -7/Garrison | Triggered checkpoint 16103 | -7/Garrison | Garrison Relay disabled 16298 | -7/Garrison | Triggered checkpoint 16304 | -7/Garrison | Core integrity fell below 50% 16375 | -7/Garrison | Triggered checkpoint 16534 | -7/Garrison | Discovered new exit (range 3) 16713 | -7/Garrison | Discovered new exit (range 10) 16808 | -7/Garrison | Expanded RIF knowledge: Command Fork 16881 | -7/Garrison | Triggered checkpoint 16905 | -7/Garrison | Garrison Relay disabled 16970 | -7/Garrison | Entered Factory 17084 | -7/Factory | Identified exit to Storage 17084 | -7/Factory | Identified exit to Lower Caves 17465 | -7/Factory | Identified exit to Garrison 17605 | -7/Factory | Entered Garrison 17639 | -7/Garrison | Triggered checkpoint 17832 | -7/Garrison | Discovered new exit (range 68) 17832 | -7/Garrison | Discovered new exit (range 101) 17832 | -7/Garrison | Discovered new exit (range 79) 17961 | -7/Garrison | Expanded RIF knowledge: Watcher Feeds 18103 | -7/Garrison | Triggered checkpoint 18104 | -7/Garrison | Triggered checkpoint 18108 | -7/Garrison | Build established: Commander-Tank 18183 | -7/Garrison | Expanded RIF knowledge: Patrol Navigation 18266 | -7/Garrison | Lost 6 allies 18307 | -7/Garrison | Triggered checkpoint 18732 | -7/Garrison | Build established: Bothacker-Skirmisher 18783 | -7/Garrison | Entered Factory 18783 | -6/Factory | Evolved 2 slots: Propulsion x2 19022 | -6/Factory | Discovered new exit (range 15) 19423 | -6/Factory | Discovered new exit (range 12) 19499 | -6/Factory | Identified exit to Garrison 19502 | -6/Factory | Entered Garrison 19502 | -6/Garrison | Warlord forces raided the area 19530 | -6/Garrison | Triggered checkpoint 19615 | -6/Garrison | Garrison Relay disabled 19660 | -6/Garrison | Triggered checkpoint 19676 | -6/Garrison | Triggered checkpoint 19717 | -6/Garrison | Lost 3 allies 19765 | -6/Garrison | Discovered new exit (range 8) 19798 | -6/Garrison | Triggered checkpoint 19806 | -6/Garrison | Warlord forces retreated 19846 | -6/Garrison | Expanded RIF knowledge: Coupler Efficiency 19992 | -6/Garrison | Build established: Botlord-Tank 20025 | -6/Garrison | Found embedded Infiltrators 20032 | -6/Garrison | Garrison Relay disabled 20059 | -6/Garrison | Discovered new exit (range 8) 20075 | -6/Garrison | Spotted B-90 Cyclops 20084 | -6/Garrison | Destroyed B-90 Cyclops 20171 | -6/Garrison | Rewired B-75 Beast 20363 | -6/Garrison | Expanded RIF knowledge: Autoassimilate 20390 | -6/Garrison | Triggered checkpoint 20444 | -6/Garrison | Discovered new exit (range 77) 20444 | -6/Garrison | Discovered new exit (range 52) 20444 | -6/Garrison | Discovered new exit (range 7) 20895 | -6/Garrison | Entered Factory 20895 | -5/Factory | Evolved 2 slots: Power x2 20983 | -5/Factory | Build established: Botlord-Skirmisher 21223 | -5/Factory | Discovered new exit (range 15) 21267 | -5/Factory | Found Prototype Launcher 21267 | -5/Factory | Identified Mni. Smartbomb Launcher 21475 | -5/Factory | Identified exit to Garrison 21475 | -5/Factory | Entered Garrison 21475 | -5/Garrison | Accompanied by 5 allies 21561 | -5/Garrison | Spotted B-75 Beast 21589 | -5/Garrison | Triggered checkpoint 21590 | -5/Garrison | Destroyed B-75 Beast 21626 | -5/Garrison | Lost 3 allies 21650 | -5/Garrison | Triggered checkpoint 21710 | -5/Garrison | Triggered checkpoint 21778 | -5/Garrison | Destroyed 8 combat bots 21923 | -5/Garrison | Discovered new exit (range 8) 22170 | -5/Garrison | Discovered new exit (range 10) 22505 | -5/Garrison | Found embedded Infiltrators 22535 | -5/Garrison | Triggered checkpoint 22597 | -5/Garrison | Expanded RIF knowledge: Code Merge 22650 | -5/Garrison | Discovered new exit (range 10) 22717 | -5/Garrison | Triggered checkpoint 22990 | -5/Garrison | Triggered checkpoint 23071 | -5/Garrison | Lost 4 allies 23098 | -5/Garrison | Entered Factory 23098 | -4/Factory | Accompanied by 8 allies 23098 | -4/Factory | Evolved 2 slots: Propulsion x2 23172 | -4/Factory | Spotted B-86 Titan 23186 | -4/Factory | Destroyed B-86 Titan 23212 | -4/Factory | Lost 3 allies 23638 | -4/Factory | First assault squad dispatched 24153 | -4/Factory | Identified exit to Garrison 24153 | -4/Factory | Entered Garrison 24153 | -4/Garrison | Accompanied by 3 allies 24189 | -4/Garrison | Triggered checkpoint 24232 | -4/Garrison | Garrison Relay disabled 24339 | -4/Garrison | Triggered checkpoint 24352 | -4/Garrison | Triggered checkpoint 24375 | -4/Garrison | Destroyed 8 combat bots 24392 | -4/Garrison | Spotted B-86 Titan 24419 | -4/Garrison | Destroyed B-86 Titan 24458 | -4/Garrison | Triggered checkpoint 24475 | -4/Garrison | Triggered checkpoint 24549 | -4/Garrison | Triggered checkpoint 24834 | -4/Garrison | Discovered new exit (range 3) 24836 | -4/Garrison | Build established: Botlord-Tank 24969 | -4/Garrison | Triggered checkpoint 24983 | -4/Garrison | Triggered checkpoint 25041 | -4/Garrison | Triggered checkpoint 25415 | -4/Garrison | Triggered checkpoint 25460 | -4/Garrison | Expanded RIF knowledge: Robot Detection 25540 | -4/Garrison | Discovered new exit (range 12) 25817 | -4/Garrison | Discovered new exit (range 13) 25942 | -4/Garrison | Garrison Relay disabled 25951 | -4/Garrison | Triggered checkpoint 26322 | -4/Garrison | Entered Research 26322 | -3/Research | Accompanied by 3 allies 26322 | -3/Research | Evolved 2 slots: Power x1, Weapon x1 26353 | -3/Research | Discovered new exit (range 15) 26382 | -3/Research | Garrison activated, responded to threat 26572 | -3/Research | First assault squad dispatched 27176 | -3/Research | Build established: Botlord-Skirmisher 27393 | -3/Research | System corruption reached 10% 27725 | -3/Research | Destroyed 10 combat bots 27787 | -3/Research | Spotted B-86 Titan 27789 | -3/Research | Assimilated Titan 8a with formatsys_high 27901 | -3/Research | Build established: Generator-Skirmisher 27970 | -3/Research | Identified exit to Garrison 27970 | -3/Research | Entered Garrison 28019 | -3/Garrison | Triggered checkpoint 28027 | -3/Garrison | Spotted B-86 Titan 28080 | -3/Garrison | Destroyed 9 combat bots 28094 | -3/Garrison | Destroyed B-86 Titan 28132 | -3/Garrison | Triggered checkpoint 28235 | -3/Garrison | Lost 3 parts (1n2w) 28244 | -3/Garrison | Spotted B-86 Titan 28244 | -3/Garrison | Spotted B-86 Titan 28310 | -3/Garrison | Discovered new exit (range 11) 28375 | -3/Garrison | Triggered checkpoint 28438 | -3/Garrison | Expanded RIF knowledge: Alert ID Control 28448 | -3/Garrison | Garrison Relay disabled 28528 | -3/Garrison | Triggered checkpoint 28555 | -3/Garrison | Discovered new exit (range 8) 28604 | -3/Garrison | Triggered checkpoint 28673 | -3/Garrison | Triggered checkpoint 28728 | -3/Garrison | Garrison Relay disabled 28804 | -3/Garrison | Triggered checkpoint 28905 | -3/Garrison | Discovered new exit (range 12) 28923 | -3/Garrison | Entered Research 28923 | -2/Research | Accompanied by 4 allies 28923 | -2/Research | Evolved 2 slots: Propulsion x2 28988 | -2/Research | Discovered new exit (range 22) 28992 | -2/Research | Identified exit to Quarantine 29028 | -2/Research | Build established: Botlord-Skirmisher 29125 | -2/Research | Lost 4 allies 29200 | -2/Research | First assault squad dispatched 29248 | -2/Research | Assimilated ARC 9a with formatsys_deep 29338 | -2/Research | Assimilated ARC 9b with formatsys_deep 29406 | -2/Research | Lost 5 allies 29768 | -2/Research | Build established: Generator-Skirmisher 30051 | -2/Research | Identified exit to Garrison 30080 | -2/Research | Entered Garrison 30143 | -2/Garrison | Expanded RIF knowledge: Structural Interface 30170 | -2/Garrison | Triggered checkpoint 30202 | -2/Garrison | Garrison Relay disabled 30459 | -2/Garrison | Spotted B-90 Cyclops 30513 | -2/Garrison | Destroyed B-90 Cyclops 30679 | -2/Garrison | Build established: Scavenger-Skirmisher 30719 | -2/Garrison | Lost 3 parts (2n1w) 30764 | -2/Garrison | Discovered new exit (range 11) 30806 | -2/Garrison | Triggered checkpoint 30842 | -2/Garrison | Garrison Relay disabled 30868 | -2/Garrison | P-80 Master assimilated allied Warden 9c 30885 | -2/Garrison | System corruption reached 10% 31039 | -2/Garrison | Entered Access 31039 | -1/Access | Evolved 2 slots: Propulsion x2 31147 | -1/Access | Build established: Botlord-Skirmisher 31522 | -1/Access | Destroyed 9 combat bots 31573 | -1/Access | First assault squad dispatched 31883 | -1/Access | Spotted B-99 Colossus 31902 | -1/Access | Destroyed B-99 Colossus 31918 | -1/Access | Spotted B-99 Colossus 31948 | -1/Access | Destroyed B-99 Colossus 31977 | -1/Access | Found Prototype Ballistic Gun 31980 | -1/Access | Found Prototype Ballistic Gun 31993 | -1/Access | Found Prototype Ballistic Gun 32068 | -1/Access | Discovered new exit (range 5) 32405 | -1/Access | Build established: Botlord-Tank 32493 | -1/Access | System corruption reached 10% 32827 | -1/Access | Destroyed 8 combat bots 33218 | -1/Access | Destroyed 13 combat bots 33752 | -1/Access | High security lockdown imminent 33776 | -1/Access | Destroyed 10 combat bots 33832 | -1/Access | High security lockdown engaged 33897 | -1/Access | Build established: Botlord-Skirmisher 33988 | -1/Access | Destroyed 10 combat bots 34055 | -1/Access | Scanned by Researcher 34056 | -1/Access | Destroyed Investigator 34070 | -1/Access | Sterilization system engaged 34095 | -1/Access | Destroyed 13 combat bots 34182 | -1/Access | Identified Multirail (x3) 34231 | -1/Access | Destroyed 7 combat bots 34370 | -1/Access | Ambient heat levels rising (+10) 34520 | -1/Access | Ambient heat levels rising (+10) 34670 | -1/Access | Ambient heat levels rising (+10) 34820 | -1/Access | Ambient heat levels rising (+10) 34970 | -1/Access | Ambient heat levels rising (+10) 35120 | -1/Access | Ambient heat levels rising (+10) 35270 | -1/Access | Ambient heat levels rising (+10) 35391 | -1/Access | System corruption reached 30% 35391 | *** | Escaped! Last Messages --------------- 35114_ System corrupted: Matter fused (-8). 35120_ ALERT: Ambient heat levels +10. 35133_ System corrupted: Substantial component data lost. 35164_ System corrupted: Heat flow error (+164). 35182_ System corrupted: Matter fused (-10). 35202_ System corrupted: Component data lost. 35224_ System corrupted: Heat flow error (+202). 35244_ System corrupted: Heat flow error (+100). 35266_ System corrupted: FCS attempts to trigger Multirail. 35266_ System corrupted: Multirail misfires. 35266_ Slug penetrates Main Access Shell. 35270_ ALERT: Ambient heat levels +10. 35310_ System corrupted: Energy discharge (-184). 35326_ System corrupted: Component data lost. 35362_ Acquired 121 matter. Adv. Targeting Computer melts. 35370_ System corrupted: Hvy. Siege Treads fused. 35386_ System corrupted: Component data lost. 35390_ Integrated Corrupted Railgun (+10). [Achievement: Hardcore] Map ----- +----------------------------------------------------+ | #???????######## [= ^ # | | ### #??##########??#%![ #[ | | ??# #??# ?#==! ^ # | | ??# #??# ?#**[! # | | ??# #??# #%% ! # | | ??# #??# #%% %%%!! += " | | ### #??# +% % % !! " #% """ | | #??# #%%% ##########+####! """ | | [ #### #%% %##???# [% # " | | [*! # #############% % ####?# [[%= # | | =%!== ## ########?# %% #?# ! [ = # | | !!%! # """" #?# % % % #?# /* ####"#### | | != # ""R"" #?# = #?# # | | + "" "" #?# #?# = # | | # = #?#% ] %#?# # | | # #?# ]* #?# # | | # #?# %#?# # | | # #?#"""" """""#?########## | | ##""########?????" "???????????????# | | ##%"####"#???????" "???????????????# """ | | ## #???#"""" """""#??????????# """S | | ##! #???# * #??????????# | | ##!! #???# "" """ #??????????# | | % ##%! #???#%!" "????################+# | | ##!* #???# [" "" "????# # | | ## ! ###?# " "@ "????# | # | | ## [= " #?# " "????# + | | ## %*% = ###?# """"""????# " # | | = ## =! =%[#???# ?????????#""" # | | ## = #???# ?????????# """ # | | ## %[#???""""""""""""?# " ### # | | ## * #???#"" #?#] #?# # | | #" #???#"" #?# ! #?# # | | % #" % #???#"" #?# #?# # | | ## #???#T #?# #?# # | | ## #???#"" #?# #?# # | | ## #???#"" #?# #?? # | | ########/#####"" #####+#########?? | | ^ | | | | #######+##################################+### | | ???#? ??#????????????????????????????????????? | | ???# #????????????????????????????????????? | | ???# "" #????????????????????????????????????? | | ???# """#????????????????????????????????????? | | ???# T"#????????????????????????????????????? | | ???# """#????????????????????????????????????? | | ???# ""??????????????????????????????????????? | | ???# ?????????????????????????????????????? | | ???# ??????????????????????????????????????? | +----------------------------------------------------+ Best States ------------- Heat Dissipation 125 Energy Generation 85 Energy Capacity 940 Matter Stores 300 Matter Capacity 300 Sight Range 16 Terrain Scan Density 10 Armor Coverage 450 Weapon Shielding 66 Evasion (%) 40 Armor Integrity Analysis 40 Recoil Reduction 12 Offensive Hacking 10 Defensive Hacking 10 Relay Coupler Types 3 Relay Coupler Value 101 Item Schematics ----------------- None Robot Schematics ------------------ M-13 Machinist | -10/Materials | Hacked Fabricated ------------ Nothing Alien Tech Used ----------------- None Achievements -------------- Hardcore Challenges ------------ None Game ------ Seed EfficiencyReactiveLattice Manual? 0 Play Time 03:14:23 Cumulative 646.3 hours Start 2025.03.05 @ 10:30:30 End 2025.03.05 @ 21:33:35 Sessions 15 Manual Loads 0 Difficulty Rogue Special Mode None Game No. 347 Rogue 347 Adventurer 0 Explorer 0 Win Type 0 Total 52 Types 35/4/5/1/1/1/3/1/1 Lore% 89 Gallery% 88 Achievement% 89 Wizard Run 0 Options --------- Layout 0 ASCII 0 Keyboard 1 Movement Numpad Keybinds 0 Fullscreen 2 Font 18/SmallcapsGlow Map View 76x50 Zoom Use 0% Tactical HUD 1 Map Filters NONE Filters NONE Steam 1 RUN: 30bdb455-747d-4962-bf62-7bb0517035e5